 Dungeon Crawl Stone Soup version 0.19.0-2-gae57169 (webtiles) character file.

67 Kullungy the Conjurer (level 4, 0/24 HPs)
             Began as a Tengu Conjurer on Nov 4, 2016.
             Succumbed to a water moccasin's poison
             ... on level 3 of the Dungeon.
             The game lasted 00:09:32 (1985 turns).

Kullungy the Conjurer (Tengu Conjurer)              Turns: 1985, Time: 00:09:32

Health: 0/24       AC:  3    Str:  8    XL:     4   Next: 16%
Magic:  0/8        EV: 13    Int: 17    God:
Gold:   76         SH:  0    Dex: 14    Spells: 1 memorised, 6 levels left

rFire  . . .     SeeInvis .     m - +0 mace
rCold  . . .     Gourm    .     n - +0 robe
rNeg   . . .     Faith    .     (no shield)
rPois  .         Spirit   .     (helmet restricted)
rElec  .         Reflect  .     (no cloak)
rCorr  .         Harm     .     o - +0 pair of gloves (curse)
MR     .....                    (boots unavailable)
Stlth  ++........               (no amulet)
                                (no ring)
                                x - ring of wizardry

@: lethally poisoned (0 -> -15)
A: beak, talons 3
a: no special abilities


You were on level 3 of the Dungeon.
You were not hungry.

You visited 1 branch of the dungeon, and saw 3 of its levels.

You collected 76 gold pieces.

Inventory:

Hand Weapons
 h - a +0 club
 j - a +0 club
 k - a +0 dagger
 m - a +0 mace (weapon)
 s - a +0 hunting sling
 t - a +0 whip
 w - a +0 short sword
Missiles
 c - 41 bolts
 d - 171 stones (quivered)
 e - 19 poisoned needles
 r - 28 arrows
Armour
 a - a +0 robe
 l - a +0 shield
 n - a +0 robe (worn)
 o - a cursed +0 pair of gloves (worn)
Jewellery
 x - a ring of wizardry (left hand)
Wands
 u - a wand of slowing (36/48)
Scrolls
 i - 2 scrolls of identify {unknown}
 y - 3 scrolls of immolation {unknown}
Potions
 f - a potion of invisibility {unknown}
 g - a potion of degeneration {unknown}
 v - a potion of agility {unknown}
 z - a potion of curing {unknown}
Books
 b - a book of Conjurations

   Spells                             Type                      Level
   a - Magic Dart                     Conjuration                  1
   b - Searing Ray                    Conjuration                  2
   c - Dazzling Spray                 Conjuration/Hexes            3
   d - Fulminant Prism                Conjuration/Hexes            4
   e - Iskenderun's Mystic Blast      Conjuration                  4
   f - Iskenderun's Battlesphere      Conjuration/Charms           5
Comestibles
 p - a beef jerky
 q - 3 chunks of flesh


   Skills:
 + Level 0.6 Fighting
 + Level 0.7 Maces & Flails
 + Level 2.6 Dodging
 + Level 2.3 Stealth
 + Level 2.2 Spellcasting
 + Level 6.5 Conjurations


You had 6 spell levels left.
You knew the following spells:

 Your Spells              Type           Power        Failure   Level  Hunger
a - Magic Dart            Conj           ###.         1%          1    #......


Dungeon Overview and Level Annotations

Branches:
Dungeon (3/15)

Altars:


Innate Abilities, Weirdness & Mutations

You have a beak for a mouth.
You have claws for feet.


Message History

You don't have enough magic to cast that spell.
You hit the water moccasin. Your kick misses the water moccasin.
The water moccasin is moderately wounded.
You feel sick. The water moccasin misses you. The water moccasin bites you.
You are lethally poisoned!
The water moccasin poisons you!
You miss the water moccasin. Your peck misses the water moccasin.
The water moccasin is moderately wounded.
You feel sick.
The water moccasin bites you but does no damage.
The water moccasin bites you!
* * * LOW HITPOINT WARNING * * *
Zapping:
u - a wand of slowing (will waste charges)
Press: ? - help, Shift-Dir - straight line, f/p - water moccasin
Aim: a water moccasin (lightly wounded, chance to defeat MR: 51%)
The water moccasin seems to slow down.
Evoking this partially-identified wand wasted a few charges.
* * * LOW HITPOINT WARNING * * *
You feel sick. The water moccasin barely misses you.
You die...

......#
......#
##......#
#.......#
#.......#
#.......#
#.S.....#
#.....(.#
#@#####.#
#.##.#
#.##.#
#.##.#
#.##.#
#.##.#
#.##.#
#.##.#
#####.##.#


You could see a water moccasin.

Vanquished Creatures
  2 adders
  A gnoll (D:1)
  An ooze (D:2)
  A dart slug (D:2)
  A leopard gecko (D:2)
  A giant cockroach (D:2)
  2 goblins
  6 hobgoblins
  6 kobolds
  A quokka (D:3)
  5 bats
  2 frilled lizards
  4 rats
33 creatures vanquished.

Notes
Turn   | Place    | Note
-------+----------+-------------------------------------------
     0 | D:1      | Kullungy the Tengu Conjurer began the quest for the Orb.
     0 | D:1      | Reached XP level 1. HP: 10/10 MP: 4/4
   285 | D:1      | Reached XP level 2. HP: 12/15 MP: 4/6
   387 | D:1      | Reached skill level 6 in Conjurations
  1005 | D:2      | Reached XP level 3. HP: 19/19 MP: 4/7
  1944 | D:3      | Reached XP level 4. HP: 24/24 MP: 3/8
  1972 | D:3      | Noticed a water moccasin
  1984 | D:3      | HP: 1/24 [poisoned by a water moccasin]
  1985 | D:3      | Succumbed to a water moccasin's poison

Skill      XL: |  1  2 |
---------------+-------+-----
Conjurations   | 6 |  6.5
Fighting       | |  0.6
Maces & Flails | |  0.7
Dodging        | |  2.6
Stealth        | |  2.3
Spellcasting   | |  2.2

Action                   |  1- 3 |  4- 6 || total
-------------------------+-------+-------++-------
Melee: Unarmed           |    15 |       ||    15
       Peck              |     7 |       ||     7
       Kick              |     5 |       ||     5
       Mace              |    17 |     2 ||    19
Throw: Stone             |     5 |       ||     5
 Cast: Magic Dart        |    51 |     9 ||    60
Evoke: Wand              |       |     1 ||     1
 Stab: Sleeping          |     1 |       ||     1
  Eat: Bread ration      |     1 |       ||     1
Armor: Robe              |     5 |     1 ||     6
Dodge: Dodged            |    48 |     6 ||    54
